 Dungeon Crawl Stone Soup version 0.29.0-4-gdea44cf6ec (webtiles) character file.

Game seed: 9801034906673224000

56 qw the Chopper (level 3, -1/21 HPs)
             Began as a Tengu Warper on Aug 28, 2022.
             Killed by nerve-wracking pain
             ... invoked by Jessica
              (7 damage)
             ... on level 2 of the Dungeon.
             The game lasted 00:00:10 (2122 turns).

qw the Chopper (Tengu Warper)                       Turns: 2122, Time: 00:00:11

Health: -1/21      AC:  4    Str: 13    XL:     3   Next: 97%
Magic:  7/7        EV: 12    Int: 13    God:
Gold:   63         SH:  0    Dex: 13    Spells: 6/6 levels left

rFire   . . .      SeeInvis .   Y - +0 hand axe
rCold   . . .      Faith    .   (no shield)
rNeg    . . .      Spirit   .   b - +0 leather armour
rPois   .          Reflect  .   (helmet restricted)
rElec   .          Harm     .   d - +0 cloak
rCorr   .          Rampage  .   (no gloves)
Will    .....                   (boots unavailable)
Stlth   +.........              (no amulet)
HPRegen 0.07/turn               (no ring)
MPRegen 0.10/turn               (no ring)

@: no status effects
A: beak, talons 3
a: no special abilities


You were on level 2 of the Dungeon.
You visited 1 branch of the dungeon, and saw 2 of its levels.

You collected 63 gold pieces.


Innate Abilities, Weirdness & Mutations

You have a beak for a mouth.
You have claws for feet.


   Skills:
 - Level 2.0 Fighting
 + Level 4.5 Axes
 - Level 1.0 Throwing
 - Level 1.1 Armour
 - Level 2.1 Dodging
 - Level 2.0 Spellcasting
 - Level 2.4 Translocations


You had 6 spell levels left.
You didn't know any spells.
Your spell library contained the following spells:

 Spells                   Type           Power      Damage    Failure   Level
 Blink                    Tloc           14%        N/A       19%         2
 Gell's Gravitas          Tloc           7%         N/A       36%         3
 Lesser Beckoning         Tloc           7%         N/A       36%         3
 Teleport Other           Tloc           7%         N/A       36%         3
 Manifold Assault         Tloc           7%         N/A       98%         5

Inventory:

Hand Weapons
 h - a +0 whip
 Y - a +0 hand axe (weapon)
Armour
 b - a +0 leather armour (worn)
 d - a +0 cloak (worn)
Jewellery
 a - a +4 ring of protection
Scrolls
 i - a scroll of enchant weapon {unknown}
 j - a scroll of identify {unknown}
 k - a scroll of amnesia {unknown}
Potions
 c - a potion of ambrosia {unknown}
 e - a potion of lignification {unknown}
 f - a potion of cancellation {unknown}
 g - a potion of berserk rage {unknown}

Dungeon Overview and Level Annotations

Branches:
Dungeon (2/15)

Altars:

Annotations:
D:2 Jessica


Message History

Found a stone staircase leading down.
You see here an adder corpse.
There is a stone staircase leading down here.
A goblin comes into view.
It is wielding a +2 dagger of holy wrath.
You see here a scroll labelled WULUCI YSMEE.
You hit the goblin.
You kill the goblin!
j - a scroll labelled WULUCI YSMEE You see here a +2 dagger of holy wrath.
A ball python comes into view.
You see here a scroll labelled JAINEI NUOMUS.
The ball python hisses angrily.
You hit the ball python.
You kill the ball python!
k - a scroll labelled JAINEI NUOMUS You see here a +2 dagger of holy wrath.
Jessica the Apprentice Sorceress comes into view.
She is wielding a +0 club and carrying a wand of digging (8).
Jessica shouts!
You hear an angry hiss.
You hear a shout!
A ball python comes into view.
Jessica zaps a wand.
Some rock shatters into small pieces.
The ball python barely misses you. The ball python misses you.
You slash the ball python!
You kill the ball python!
A hobgoblin comes into view.
Jessica points at you and mumbles some strange words.
Pain shoots through your body!
You closely miss Jessica. Your kick misses Jessica. Your peck misses Jessica.
Jessica hits you with a +0 club.
You barely miss Jessica. Jessica misses you.
You barely miss Jessica. Jessica hits you but does no damage.
You barely miss Jessica. You claw Jessica.
Jessica is severely wounded.
You hit the hobgoblin. Jessica gestures at you while chanting.
Pain shoots through your body! The hobgoblin misses you.
Jessica gestures at you while chanting. Pain shoots through your body!
You die...

. .## ######## ...
......># #+#..
######.# #.#.####
....##.##### #.#....
....##.....# #.#@g###
....##..##.# #..@...#
....##..##.###.#.##.#
........##.......#
##+###).####.#####
#......# #.
#.....###. #.....# #
#.....# #.....#


You could see Jessica and a hobgoblin.

Vanquished Creatures
  An adder (D:2)
  A dart slug (D:2)
  3 endoplasms
  2 giant cockroaches (D:1)
  7 goblins
  3 hobgoblins (D:1)
  8 kobolds (D:1)
  3 quokkas
  3 ball pythons
  6 bats
  A frilled lizard (D:1)
  4 rats
42 creatures vanquished.

Vanquished Creatures (others)
  3 fungi (D:1)
  A plant (D:1)
4 creatures vanquished.

Grand Total: 46 creatures vanquished

Notes
Turn   | Place    | Note
-------+----------+-------------------------------------------
     0 | D:1      | qw the Tengu Warper began the quest for the Orb.
     0 | D:1      | Reached XP level 1. HP: 12/12 MP: 4/4
     0 | D:1      | 0 ||| qw: Version: 0.1-a-89-g26bdef1
     0 | D:1      | 0 ||| qw: Game counter: 2654
     0 | D:1      | 0 ||| qw: Always use a shield: true
     0 | D:1      | 0 ||| qw: God list: Okawaru
     0 | D:1      | 0 ||| qw: Allow faded altars: false
     0 | D:1      | 0 ||| qw: Do Orc after D:15 true
     0 | D:1      | 0 ||| qw: Do second Lair branch before Depths: true
     0 | D:1      | 0 ||| qw: Lair rune preference: random
     0 | D:1      | 0 ||| qw: Plans: Normal
     0 | D:1      | 0 ||| PLANNING D:1-11
    52 | D:1      | 52 ||| Stepping ~*~*~tactically~*~*~ (stealth).
    53 | D:1      | 53 ||| Stepping ~*~*~tactically~*~*~ (stealth).
    54 | D:1      | 54 ||| Stepping ~*~*~tactically~*~*~ (stealth).
   100 | D:1      | 100 ||| Stepping ~*~*~tactically~*~*~ (stealth).
   102 | D:1      | 102 ||| Stepping ~*~*~tactically~*~*~ (stealth).
   116 | D:1      | Reached skill level 3 in Axes
   116 | D:1      | Reached XP level 2. HP: 9/17 MP: 6/6
   811 | D:1      | 811 ||| Stepping ~*~*~tactically~*~*~ (stealth).
   812 | D:1      | 812 ||| Stepping ~*~*~tactically~*~*~ (stealth).
  1173 | D:1      | Reached XP level 3. HP: 19/21 MP: 7/7
  1262 | D:1      | 1262 ||| DROPPING +0 club.
  1324 | D:1      | 1324 ||| Stepping ~*~*~tactically~*~*~ (stealth).
  1342 | D:1      | 1342 ||| Stepping ~*~*~tactically~*~*~ (stealth).
  1481 | D:1      | Reached skill level 4 in Axes
  1707 | D:1      | Found a faded altar of an unknown god.
  1708 | D:1      | 1708 ||| UPGRADING to +0 cloak.
  1713 | D:1      | 1713 ||| READING scroll labelled JICU PULIA.
  1835 | D:1      | 1835 ||| DROPPING scroll of blinking.
  2115 | D:2      | Noticed Jessica
  2122 | D:2      | Killed from afar by Jessica

Levels and vault maps discovered:
D:1:      wheals_arrival_shading, layout_loops_corners,
          shapermc_ecumenical_altar_acropolis, grunt_decor_resistance
D:2:      layout_basic, uniq_jessica

Skill      XL: |  1  2  3 |
---------------+----------+-----
Axes           | 3 4 |  4.5
Fighting       | |  2.0
Throwing       | |  1.0
Armour         | |  1.1
Dodging        | |  2.1
Spellcasting   | |  2.0
Translocations | |  2.4

Action                   || total
-------------------------++-------
Melee: Hand axe          ||    95
       Kick              ||    15
       Peck              ||    10
       Punch             ||     1
Throw: Boomerang         ||     7
  Use: Scroll            ||     1
Armor: Leather armour    ||    17
Dodge: Dodged            ||    53

Table legend:
 A = Non-vault XP
 B = Vault XP
 C = Vault XP percentage of total XP
 D = Non-vault monster count
 E = Vault monster count
 F = Vault count percentage of total count
                 A         B        C        D         E       F
            +---------+---------+-------+---------+---------+-------
      Total |      81 |       0 |   0.0 |      42 |       0 |   0.0
            +---------+---------+-------+---------+---------+-------
        D:1 |      52 |       0 |   0.0 |      33 |       0 |   0.0
        D:2 |      29 |       0 |   0.0 |       9 |       0 |   0.0
            +---------+---------+-------+---------+---------+-------
